 Dungeon Crawl Stone Soup version 0.30.1-4-g462c640d31 (webtiles) character file.

Game seed: 1144728425896607903

28 booth the Trooper (level 3, -1/23 HPs)
             Began as a Gargoyle Monk on Aug 15, 2023.
             Frozen to death by an endoplasm (5 damage)
             ... on level 2 of the Dungeon.
             The game lasted 00:04:26 (1030 turns).

booth the Trooper (Gargoyle Monk)                   Turns: 1030, Time: 00:04:27

Health: -1/23      AC:  5    Str: 16    XL:     3   Next: 14%
Magic:  4/4        EV: 12    Int: 10    God:
Gold:   68         SH:  0    Dex: 12    Spells: 3/3 levels left

rFire   . . .        a - +0 mace
rCold   . . .        d - orb {light}
rNeg    + . .        b - +0 robe
rPois   ∞            (no helmet)
rElec   +            (no cloak)
rCorr   .            (no gloves)
SInv    .            (no boots)
Will    .....        (no amulet)
Stlth   +            (no ring)
HPRegen 0.23/turn    (no ring)
MPRegen 0.09/turn

%: no passive effects
@: glowing
A: sickness immunity, AC +3, negative energy resistance 1, electricity
resistance, torment resistance 1, petrification resistance
a: no special abilities


You were on level 2 of the Dungeon.
You visited 1 branch of the dungeon, and saw 2 of its levels.

You collected 68 gold pieces.

Inventory:

Hand Weapons
 a - a +0 mace (weapon)
Missiles
 l - 5 javelins (quivered)
Armour
 b - a +0 robe (worn)
 d - an orb of light (worn)
Scrolls
 g - a scroll of summoning {unknown}
 j - a scroll of enchant armour {unknown}
Potions
 c - a potion of ambrosia
 f - a potion of curing
 h - a potion of mutation {unknown}
 i - a potion of invisibility {unknown}
 k - a potion of might


   Skills:
 + Level 3.5 Fighting
 * Level 3.5 Maces & Flails
 + Level 2.6 Dodging
 + Level 0.8 Spellcasting


You had 3 spell levels left.
You didn't know any spells.
Your spell library was empty.

Dungeon Overview and Level Annotations

Branches:
Dungeon (2/15)

Altars:


Innate Abilities, Weirdness & Mutations

You are immune to sickness and miasma.
Your stone body is resilient. (AC +3)
You are immune to poison.
You resist negative energy. (rN+)
You are resistant to electric shocks. (rElec)
You are resistant to unholy torment.
You are immune to petrification.


Message History

The ball python bites you but does no damage.
The ball python misses you. The endoplasm freezes you.
You are frozen.
You hit the bat.
The bat is heavily wounded.
The bat hits you but does no damage. The bat hits you.
The ball python closely misses you. The ball python completely misses you.
The endoplasm hits you. The ball python misses you.
The ball python barely misses you.
You closely miss the bat.
The bat is heavily wounded.
The bat hits you but does no damage. The endoplasm freezes you.
You are frozen.
The ball python bites you. The ball python closely misses you.
The bat hits you.
* * * LOW HITPOINT WARNING * * *
You hit the bat but do no damage.
The bat is heavily wounded.
The bat closely misses you. The endoplasm barely misses you.
The ball python bites you but does no damage.
The ball python grabs you. The ball python constricts you.
The bat closely misses you.
The endoplasm hits you but does no damage.
The ball python bites you but does no damage.
The ball python constricts you.
You hit the ball python.
The ball python is moderately wounded.
The bat barely misses you. The ball python bites you.
* * * LOW HITPOINT WARNING * * *
The ball python constricts you.
The endoplasm hits you but does no damage.
You escape the ball python's grasp.
Found a scroll labelled UCUYXULLOH.
The bat hits you but does no damage.
You hit the endoplasm.
The endoplasm is almost dead.
The bat barely misses you. The bat closely misses you.
The endoplasm freezes you.
You are frozen.
You die...

###..####?
#.........
#.........
#.........
#.........
.........
#b.....# #
#@#
###.#####J#
........lS#
.......$.##
.........#
.........#
#####.....
#......
#.......


You could see an endoplasm, a bat, a ball python and a frilled lizard.

Vanquished Creatures
  2 dart slugs (D:1)
  2 bats (D:1)
  2 endoplasms (D:1)
  A giant cockroach (D:1)
  2 goblins (D:1)
  3 hobgoblins (D:1)
  2 quokkas (D:1)
  2 ball pythons (D:1)
  3 frilled lizards
  3 kobolds (D:1)
  A rat (D:1)
23 creatures vanquished.

Notes
Turn   | Place    | Note
-------+----------+-------------------------------------------
     0 | D:1      | booth the Gargoyle Monk began the quest for the Orb.
     0 | D:1      | Reached XP level 1. HP: 14/14 MP: 1/1
   165 | D:1      | Reached XP level 2. HP: 19/19 MP: 2/2
   591 | D:1      | Reached XP level 3. HP: 19/23 MP: 4/4
  1030 | D:2      | Frozen to death by an endoplasm

Illustrated notes

Levels and vault maps discovered:
D:1:      co_arrival_square_in_a_square_in_a_square, layout_loops_ring,
          minmay_hedge_maze
D:2:      layout_rooms

Action                     || total
---------------------------++-------
  Melee: Mace              ||    55
    Use: Scroll            ||     2
 Armour: Robe              ||    23
  Dodge: Dodged            ||    47
